Ken-sama, lawful male human Samurai ------------- |...........| ------- |...........| |<..... |...........| |.....| |............# |.....| |...........|# |....j| -----|-------# |...@.| # # -.-.--- ### # # # # # ##### # # # # # # )# # # -|---- ---------|-- ### |....| |..........| # |..^.| |))))[)))))| ##-....| ------------ ----.- # Ken-sama the Ninja Experience level: 6 Strength: 16 Dexterity: 16 Constitution: 18 Intelligence: 10 Wisdom: 10 Charisma: 8 Health: 0(63) Energy: 22(22) AC: 2 Gold: 875 Moves: 1427 Your Inventory: Coins $ - 875 gold pieces Weapons a - an uncursed +0 katana (weapon in hand) b - an uncursed +0 yumi d - 27 uncursed +0 ya (in quiver) f - an [uncursed +0] arrow Armor e - an uncursed rustproof +0 splint mail (being worn) l - an [uncursed] +0 dwarvish cloak (being worn) m - an [uncursed] +0 pair of iron shoes (being worn) Comestibles i - 2 [uncursed] lichen corpses x - an [uncursed] gunyoki A - an [uncursed] tin [of rothe meat] Scrolls o - a [cursed] scroll labeled HZLRC KSTSBD MPFNG [of teleportation] s - an [uncursed] scroll labeled PHOL ENDE WODAN [of food detection] y - a [cursed] scroll labeled LEP GEX VEN ZEA [of enchant armor] z - an [uncursed] scroll labeled NR 9 [of identify] Potions g - an [uncursed] white potion [of speed] k - an [uncursed] emerald potion [of gain level] q - an [uncursed] muddy potion [of sake] v - an [uncursed] black potion [of blindness] w - an [uncursed] amber potion [of healing] Rings r - a [blessed +3] iron ring [of gain intelligence] Tools n - an [uncursed +0] pick-axe Spells known in the end: Name Level Category Fail Memory a - clairvoyance 3 divination 100% [||||||||] b - detect monsters 1 divination 100% [||||||||] Your skills at the end: Fighting Skills martial arts [Basic / Master] Weapon Skills short sword [Basic / Expert] long sword [Basic / Expert] bow [Basic / Expert] Spellcasting Skills Final Attributes: You were devoutly aligned. Hunger level was 822. Your alignment was 17 / 17. Monster difficulty range was 1 - 6. Level difficulty was 6. You were fast. Your luck was zero. You are dead. Vanquished creatures: a wolf a plains centaur a shrieker a gnome lord a floating eye a dwarf a rothe a giant bat an iguana 2 coyotes 6 manes 11 garter snakes a gnome zombie a gecko 4 jackals a goblin 3 grid bugs 7 lichens a kobold zombie a newt 47 creatures vanquished. Voluntary challenges: You were an atheist. You used a wielded weapon 73 times. You read items or engraved 5 times. You put on armor 3 times. You never genocided any monsters. You never polymorphed an object. You never changed form. You used no wishes. You wrote Elbereth's name 2 times. You never encountered a bones level. You never used any Sokoban shortcuts. Dungeon overview: The Dungeons of Doom: levels 1 to 6 Level 1 a long staircase Level 2 some fountains Level 3 a jewelry store, a fountain Level 5 (bag of tricks, weeb short sword) a fountain Level 6 <- You were here a weapon shop History has recorded: On T:1 you entered the Dungeons of Doom to retrieve the Amulet of Yendor! On T:152 you reached level 2 of The Dungeons of Doom. On T:175 you advanced to experience level 2. On T:323 you advanced to experience level 3. On T:419 you reached level 3 of The Dungeons of Doom. On T:520 you advanced to experience level 4. On T:521 you reached level 5 of The Dungeons of Doom. On T:570 you advanced to experience level 5. On T:1072 you advanced to experience level 6. On T:1098 you reached level 6 of The Dungeons of Doom. Latest messages: You kill the jackal! [HP+1=50] This jackal corpse tastes terrible! [HP+1=51] You finish eating the jackal corpse. [6 turns] [HP+1=52] You hit the blue jelly. You are suddenly very cold! [HP-23=29] You miss the blue jelly. You are suddenly very cold! [HP-16=13] You hit the blue jelly. (2x) You are suddenly very cold! [HP-12=1] You miss the blue jelly. You hit the blue jelly! You hit the blue jelly. You are suddenly very cold! You die... Final status: Sayonara Ken-sama the Samurai... You died in The Dungeons of Doom on dungeon level 6 with 1854 points, and 875 pieces of gold, after 1427 moves. You were level 6 with a maximum of 63 hit points when you died.